 Dungeon Sprint DCSS version 0.30-a0-591-g3c58d2bc28 (webtiles) character file.

Game seed: 16742182505824858164

7172 rocky1 the Imperceptible (level 11, 0/81 HPs)
             Began as a Merfolk Brigand on Jan 5, 2023.
             Was an Initiate of Gozag.
             Slain by an unseen horror (9 damage)
             ... in the Dungeon (Sprint I: "Red Sonja").
             The game lasted 00:05:02 (1323 turns).

rocky1 the Imperceptible (Merfolk Brigand)          Turns: 1323, Time: 00:05:03

Health: 0/81       AC:  6    Str:  9    XL:     11   Next: 11%
Magic:  9/9        EV: 16    Int:  8    God:    Gozag
Gold:   1994       SH:  0    Dex: 19    Spells: 10/10 levels left

rFire   . . .      SeeInvis .    r - +0 dagger (venom)
rCold   . . .      Faith    .    (no shield)
rNeg    . . .      Spirit   .    m - +0 leather armour
rPois   .          Reflect  .    t - +0 helmet
rElec   .          Harm     .    c - +0 cloak
rCorr   .          Rampage  .    (no gloves)
Will    .....      Rage     9%   s - +0 pair of boots
Stlth   ++++++++   NoTele   +    o - amulet of magic regeneration
HPRegen 0.33/turn                (no ring)
MPRegen 0.51/turn                (no ring)

@: unable to drink
A: (nimble swimmer 2), mertail, berserk 2, deformed body, deterioration 2, dopey
1, frail 1, low MP 1, weak 2, no potion heal 2, subdued magic 1, inability to
drink after injury 2, inability to read after injury 1
a: Renounce Religion, Potion Petition, Call Merchant, Bribe Branch


You were in the Dungeon.
You worshipped Gozag.
Gozag was most pleased with you.
You visited 1 branch You collected 2244 gold pieces.
You spent 250 gold pieces at shops.

Inventory:

Hand Weapons
 a - a +2 dagger
 r - a +0 dagger of venom (weapon)
Missiles
 d - 9 poisoned darts
 e - 6 curare-tipped darts (quivered)
Armour
 c - a +0 cloak (worn)
 m - a +0 leather armour (worn)
 s - a +0 pair of boots (worn)
 t - a +0 helmet (worn)
Jewellery
 o - an amulet of magic regeneration (around neck)
Wands
 l - a wand of polymorph (5)
Scrolls
 j - 4 scrolls of amnesia {unknown}
 k - a scroll of blinking
 n - a scroll of fear {unknown}
 p - 2 scrolls of identify {unknown}
 q - a scroll of enchant armour {unknown}
Potions
 b - a potion of might
 f - 4 potions of curing
 g - a potion of heal wounds
 h - a potion of haste
 i - 2 potions of magic


   Skills:
 + Level 9.6 Fighting
 + Level 12.9 Short Blades
 + Level 5.7 Throwing
 + Level 6.4 Armour
 + Level 7.6 Dodging
 + Level 22.8 Stealth
 + Level 0.5 Unarmed Combat


You had 10 spell levels left.
You didn't know any spells.
Your spell library was empty.

Dungeon Overview and Level Annotations

Branches:
Dungeon (1/1)

Altars:
Cheibriados
Dithmenos
Elyvilon
Fedhas
Gozag
Hepliaklqana
Kikubaaqudgha
Nemelex Xobeh
Okawaru
Qazlal
Ru
Sif Muna
Trog
Uskayaw
Vehumet
Wu Jian
Yredelemnul
Zin
The Shining One

Shops:
D !!*?!![


Innate Abilities, Weirdness & Mutations

((You are very nimble when in or above water. (Stealth+, EV+, Speed+++)))
Your lower body shifts to a powerful aquatic tail in water.
You have an uncontrollable temper.
Armour fits poorly on your strangely shaped body.
Your body often deteriorates upon taking damage.
You are dopey. (Int -2)
You are frail. (-10% HP)
Your magical capacity is low. (-10% MP)
You are very weak. (Str -4)
Potions cannot restore your health.
Your spells are a little easier to cast, but a little less powerful.
You sometimes lose the ability to drink potions when taking damage.
You occasionally lose the ability to read scrolls when taking damage.


Message History

You see here 45 gold pieces.
You now have 1994 gold pieces (gained 45).
You can drink potions again.
Deactivating autopickup; reactivate with Ctrl-A.
You hit something. Something hits you but does no damage.
Something hits you but does no damage. Something hits you.
You feel threatened and lose the ability to drink potions!
Something closely misses you.
You can drink potions again.
Something hits you but does no damage. Something completely misses you.
Something hits you.
You feel threatened and lose the ability to drink potions!
You can drink potions again.
Something hits you. Something hits you.
There is an open door, spattered with blood here.
Something hits you. Something closely misses you.
You hit something. Something barely misses you.
You closely miss something. Something barely misses you.
Something hits you but does no damage. Something hits you but does no damage.
There is an open door, spattered with blood here.
Something hits you!
You feel threatened and lose the ability to drink potions!
You miss something. Something hits you.
* * * LOW HITPOINT WARNING * * *
You closely miss something. Something hits you but does no damage.
Something hits you but does no damage.
There is an open door, spattered with blood here.
You hit something but do no damage. Something hits you.
* * * LOW HITPOINT WARNING * * *
You closely miss something. Something hits you!
* * * LOW HITPOINT WARNING * * *
Something hits you but does no damage. Something hits you.
* * * LOW HITPOINT WARNING * * *
You closely miss something. Something hits you but does no damage.
You barely miss something. Something hits you!
You die...
Your body crumbles into a pile of gold.

__##'#_.+§~§§§§§.#,,,,,*,,$***,,*
...'..._#§§~.§#.§#,,,,,+,,$$$**,*
__##_.#'##§#####'###,,,*,,,,,*,,*
__###'#)#)§§[###.'.#,,,***++**,**
#####.####'###.###.#,,***,,***,,*
...'...'.....'.∩##§#,,****$$***,,
####...###########.#*+*$$*,$*$***
.####.###.......##§#*,*$$$$$$$$$*
..#.#'#.#......{@§.#***$$$$$$$$$*
..#.....#+++######§#,,+$$$$$$****
..#.....#,,,,,,,,#§#****$$$***,,,
..#######,,,,,,,*+.#,,,*****,,,**
..#*$,,,,,,,,,,~*###,,,,,,,,,***,
..#*$,,,,,,,,,~~**,,$,,,,*****,,,
..#**,,,,,,,~~~***$,,,,,**,^,,^,^
### ***,,~~~~*** *,,,,,**,^,,,,,,
.∩#***+******+****$$$$$*,,^,,,,,,


There were no monsters in sight!

Vanquished Creatures
  2 centaur warriors (D)
  Sonja (D)
  A deep troll (D)
  An oklob plant (D)
  8 shining eyes (D)
  An unseen horror (D)
  A hornet (D)
  Sigmund (D)
  A yak (D)
  2 redbacks (D)
  4 floating eyes (D)
  An ogre (D)
  A jelly (D)
  Ijyb (D)
  A ballistomycete spore (D)
27 creatures vanquished.

Vanquished Creatures (others)
  A ballistomycete spore (D)
1 creature vanquished.

Grand Total: 28 creatures vanquished

Notes
Turn   | Place    | Note
-------+----------+-------------------------------------------
     0 | D        | rocky1 the Merfolk Brigand began the quest for the Orb.
     0 | D        | Reached XP level 1. HP: 16/16 MP: 1/1
     2 | D        | Noticed Ijyb
    28 | D        | Killed Ijyb
    29 | D        | Reached skill level 7 in Stealth
    29 | D        | Reached XP level 2. HP: 11/23 MP: 2/2
    29 | D        | Reached XP level 3. HP: 13/28 MP: 3/3
   204 | D        | Noticed an ogre
   207 | D        | Killed an ogre
   208 | D        | Reached skill level 9 in Stealth
   208 | D        | Reached XP level 4. HP: 36/36 MP: 4/4
   223 | D        | Noticed Sigmund
   226 | D        | Killed Sigmund
   227 | D        | Reached skill level 5 in Short Blades
   227 | D        | Reached skill level 12 in Stealth
   227 | D        | Reached XP level 5. HP: 43/43 MP: 5/5
   227 | D        | Reached XP level 6. HP: 49/49 MP: 6/6
   343 | D        | Found an ornate altar of the Wu Jian Council.
   343 | D        | Found a shimmering blue altar of Sif Muna.
   345 | D        | Found a radiant altar of Vehumet.
   350 | D        | Reached skill level 13 in Stealth
   388 | D        | Found Qiepot's Magic Scroll Emporium.
   388 | D        | Found an ancient bone altar of Kikubaaqudgha.
   388 | D        | Found a hazy altar of Hepliaklqana.
   388 | D        | Found a stormy altar of Qazlal.
   388 | D        | Found a hide-covered altar of Uskayaw.
   388 | D        | Found a blossoming altar of Fedhas.
   388 | D        | Found a bloodstained altar of Trog.
   388 | D        | Found an iron altar of Okawaru.
   388 | D        | Found a basalt altar of Yredelemnul.
   388 | D        | Found a glowing golden altar of the Shining One.
   388 | D        | Found a snail-covered altar of Cheibriados.
   388 | D        | Found a sacrificial altar of Ru.
   388 | D        | Found a glowing silver altar of Zin.
   388 | D        | Found a shadowy altar of Dithmenos.
   388 | D        | Found a white marble altar of Elyvilon.
   388 | D        | Noticed a yak
   389 | D        | Found an opulent altar of Gozag.
   390 | D        | Killed a yak
   391 | D        | Reached skill level 5 in Fighting
   391 | D        | Reached skill level 14 in Stealth
   391 | D        | Reached XP level 7. HP: 56/56 MP: 7/7
   391 | D        | Found a sparkling altar of Nemelex Xobeh.
   396 | D        | Became a worshipper of Gozag Ym Sagoz the Greedy
   402 | D        | Bought a scroll of magic mapping for 90 gold pieces
   410 | D        | Noticed Sonja
   414 | D        | Killed Sonja
   415 | D        | Reached skill level 5 in Throwing
   415 | D        | Reached skill level 5 in Dodging
   415 | D        | Reached skill level 17 in Stealth
   415 | D        | Reached XP level 8. HP: 64/64 MP: 8/8
   468 | D        | Noticed a deep troll
   485 | D        | Killed a deep troll
   486 | D        | Reached skill level 18 in Stealth
   870 | D        | Found Heduta Wuew's Armour Emporium.
   878 | D        | Bought a +0 pair of boots for 54 gold pieces
   878 | D        | Bought a +0 helmet for 54 gold pieces
   903 | D        | Found Bukhos's Distillery.
   911 | D        | Bought a potion of might for 52 gold pieces
   937 | D        | Noticed a shining eye
   937 | D        | Noticed a shining eye
   937 | D        | Noticed a shining eye
   938 | D        | Noticed a shining eye
   938 | D        | Noticed a shining eye
   938 | D        | Noticed a shining eye
   939 | D        | Noticed a shining eye
   939 | D        | Noticed a shining eye
   940 | D        | Killed a shining eye
   941 | D        | Reached skill level 19 in Stealth
   941 | D        | Reached XP level 9. HP: 71/71 MP: 9/9
   941 | D        | Gained mutation: Armour fits poorly on your strangely
                  | shaped body. [a shining eye]
   941 | D        | Paralysed by a floating eye for 3 turns
   942 | D        | Gained mutation: You have hidden genetic defects. [a
                  | shining eye]
   948 | D        | Paralysed by a floating eye for 4 turns
   958 | D        | Gained mutation: Potions are less effective at restoring
                  | your health. [a shining eye]
   963 | D        | Gained mutation: You are frail. (-10% HP) [a shining eye]
   969 | D        | Paralysed by a floating eye for 3 turns
   973 | D        | Gained mutation: You sometimes lose your temper in combat.
                  | [a shining eye]
   976 | D        | Gained mutation: Your spells are a little easier to cast,
                  | but a little less powerful. [a shining eye]
   978 | D        | Gained mutation: Your magical capacity is low. (-10% MP) [a
                  | shining eye]
   980 | D        | Gained mutation: You have an uncontrollable temper. [a
                  | shining eye]
   982 | D        | Killed a shining eye
   982 | D        | Paralysed by a floating eye for 3 turns
   987 | D        | Gained mutation: You occasionally lose the ability to drink
                  | potions when taking damage. [a shining eye]
   991 | D        | Gained mutation: You occasionally lose the ability to read
                  | scrolls when taking damage. [a shining eye]
   993 | D        | Killed a shining eye
   993 | D        | Paralysed by a floating eye for 4 turns
   994 | D        | Reached skill level 20 in Stealth
   995 | D        | Gained mutation: You sometimes lose the ability to drink
                  | potions when taking damage. [hidden defects]
  1007 | D        | Gained mutation: Potions cannot restore your health. [a
                  | shining eye]
  1010 | D        | Killed a shining eye
  1017 | D        | Paralysed by a floating eye for 3 turns
  1021 | D        | Killed a shining eye
  1022 | D        | Reached skill level 10 in Short Blades
  1022 | D        | Reached XP level 10. HP: 72/72 MP: 9/9
  1035 | D        | Gained mutation: You are dopey. (Int -2) [hidden defects]
  1035 | D        | Lost mutation: You have hidden genetic defects. [hidden
                  | defects expressed]
  1040 | D        | Gained mutation: Your body sometimes deteriorates upon
                  | taking damage. [a shining eye]
  1042 | D        | Gained mutation: Your body often deteriorates upon taking
                  | damage. [a shining eye]
  1046 | D        | Killed a shining eye
  1047 | D        | Reached skill level 21 in Stealth
  1053 | D        | Killed a shining eye
  1054 | D        | Reached skill level 5 in Armour
  1068 | D        | Gained mutation: You are weak. (Str -2) [a shining eye]
  1070 | D        | Gained mutation: You are vulnerable to cold. (rC-) [a
                  | shining eye]
  1073 | D        | Gained mutation: You are very weak. (Str -4) [a shining
                  | eye]
  1079 | D        | Lost mutation: You are vulnerable to cold. (rC-) [a shining
                  | eye]
  1085 | D        | Killed a shining eye
  1135 | D        | Found Cogyllieb's Distillery.
  1135 | D        | Found Notiudur's Distillery.
  1135 | D        | Found Reruh's General Store.
  1135 | D        | Found Hygoikub's Distillery.
  1189 | D        | Noticed a centaur warrior
  1190 | D        | Noticed a centaur warrior
  1193 | D        | Killed a centaur warrior
  1195 | D        | Killed a centaur warrior
  1196 | D        | Reached skill level 22 in Stealth
  1222 | D        | Noticed an oklob plant
  1224 | D        | Killed an oklob plant
  1225 | D        | Reached XP level 11. HP: 80/80 MP: 9/9
  1323 | D        | Slain by an unseen horror

Illustrated notes

Levels and vault maps discovered:
D:        dungeon_sprint_1 [red_sonja_temple_1, red_sonja_temple_small_1]

Skill      XL: |  1  2  3  4  5  6  7  8  9 10 |
---------------+-------------------------------+-----
Short Blades   | 3 4 5 6 7 8 10 12 | 12.9
Dodging        | 2 3 4 5 6 7 |  7.6
Stealth        | 7 9 12 14 17 19 20 22 | 22.8
Fighting       | 3 4 5 6 8 9 |  9.6
Throwing       | 3 4 5 |  5.7
Armour         | 2 4 6 |  6.4
Unarmed Combat | |  0.5

Action                   |  1- 3 |  4- 6 |  7- 9 | 10-12 || total
-------------------------+-------+-------+-------+-------++-------
Melee: Dagger            |    24 |     3 |    77 |    78 ||   182
       Unarmed           |     1 |       |       |       ||     1
       Punch             |       |       |       |     2 ||     2
  Use: Scroll            |       |       |     1 |       ||     1
       Potion            |       |       |     1 |       ||     1
 Stab: Sleeping          |     1 |     3 |     3 |     7 ||    14
       Distracted        |       |       |     1 |     1 ||     2
Armor: Robe              |     1 |       |       |       ||     1
       Leather armour    |       |       |     1 |    17 ||    18
Dodge: Dodged            |    10 |       |    10 |    12 ||    32

Table legend: (Time is in decaauts)
 A = Elapsed time spent in this place.
 B = Non-inter-level travel time spent in this place.
 C = Inter-level travel time spent in this place.
 D = Time resting spent in this place.
 E = Time spent auto-exploring this place.
 F = Levels seen in this place.
 G = Mean time per level.
                   A        B        C        D        E       F      G
               +--------+--------+--------+--------+--------+-----+--------+
         Total |   1270 |   1270 |      0 |    645 |      0 |   1 | 1270.0 |
       Dungeon |   1270 |   1270 |      0 |    645 |      0 |   1 | 1270.0 |
               +--------+--------+--------+--------+--------+-----+--------+

Top non-repeatable levels by time:
       D: 1270 daAuts
